 Dungeon Crawl Stone Soup version 0.29.1-12-g30fa7ad0bf (webtiles) character file.

Game seed: 11988272516935957854

1926 Peloso the Protected (level 8, 0/109 HPs)
             Began as a Minotaur Fighter on Dec 16, 2022.
             Succumbed to a kobold brigand's poison
             ... in a bailey.
             The game lasted 00:14:44 (7483 turns).

Peloso the Protected (Minotaur Fighter)             Turns: 7483, Time: 00:14:44

Health: 0/109      AC: 24    Str: 20    XL:     8   Next: 96%
Magic:  7/7        EV:  2    Int:  5    God:
Gold:   292        SH:  5    Dex: 13    Spells: 7/7 levels left

rFire   . . .      SeeInvis .   a - +0 long sword
rCold   . . .      Faith    .   c - +0 buckler
rNeg    + . .      Spirit   .   (body armour currently unavailable)
rPois   +          Reflect  .   (helmet currently unavailable)
rElec   .          Harm     .   (cloak currently unavailable)
rCorr   .          Rampage  .   (gloves currently unavailable)
Will    .....      NoTele   +   (boots currently unavailable)
Stlth   +.........              (no amulet)
HPRegen 0.28/turn               k - ring of positive energy
MPRegen 0.10/turn               (no ring)

@: lethally poisoned (0 -> -1), tree-form, attractive
A: stationary, stasis, torment immunity, boosted hp, (horns 2), (retaliatory
headbutt)
a: no special abilities


You were in a bailey.
You were a tree.
You visited 1 branch of the dungeon, and saw 7 of its levels.
You also visited: Bailey.

You collected 439 gold pieces.
You spent 147 gold pieces at shops.

Inventory:

Hand Weapons
 a - a +0 long sword (weapon)
Armour
 b - a +0 scale mail
 c - a +0 buckler (worn)
 j - a +0 plate armour (melded)
 n - a +1 pair of gloves (melded)
 o - a scarf of invisibility (melded)
Jewellery
 k - a ring of positive energy (left branch)
Wands
 A - a wand of flame (30)
Scrolls
 g - a scroll of immolation
 i - 3 scrolls of enchant armour
 m - a scroll of fear
 p - a scroll of brand weapon
 r - 2 scrolls of magic mapping
 s - 3 scrolls of teleportation
 t - a scroll of amnesia
 u - a scroll of enchant weapon
 v - 3 scrolls of noise
 z - a scroll of acquirement {unknown}
Potions
 d - a potion of might
 e - a potion of haste
 f - a potion of mutation
 h - 3 potions of flight


   Skills:
 + Level 7.0 Fighting
 + Level 8.2 Long Blades
 + Level 8.5 Armour
 + Level 3.4 Dodging
 + Level 0.3 Stealth
 + Level 5.8 Shields
 + Level 0.1 Evocations


You had 7 spell levels left.
You didn't know any spells.
Your spell library contained the following spells:

 Spells                   Type           Power      Damage    Failure   Level
 Blink                    Tloc           0%         N/A       71%         2
 Lesser Beckoning         Tloc           0%         N/A       90%         3
 Blade Hands              Tmut           0%         N/A       100%        5
 Fireball                 Conj/Fire      0%         3d3       100%        5
 Irradiate                Conj/Tmut      0%         3d11      100%        5
 Iskenderun's Battlesphe  Conj           0%         2d6       100%        5
 Manifold Assault         Tloc           0%         N/A       100%        5
 Conjure Ball Lightning   Conj/Air       0%         3x3d6     100%        6
 Dragon Form              Tmut           0%         N/A       100%        7
 Orb of Destruction       Conj           0%         9d5       100%        7
 Storm Form               Tmut/Air       0%         N/A       100%        7


Dungeon Overview and Level Annotations

Branches:
Dungeon (7/15)             Temple (0/1) D:7          Bailey (1/1)

Altars:
Cheibriados
Elyvilon
Ru
Trog
Wu Jian

Shops:
D:6 ?


Innate Abilities, Weirdness & Mutations

You are a tree.
Your roots penetrate the ground, keeping you stationary.
You cannot be teleported.
You are immune to unholy pain and torment.
Your maximum health is greatly increased.
Your equipment is partially melded.
((You have a pair of horns on your head.))
((You reflexively headbutt those who attack you in melee.))


Message History

The kobold brigand throws a poisoned dart.
The poisoned dart hits you.
You are lethally poisoned!
Throw: throwing net
Press: ? - help, Q - select action, (/) - cycle Shift-Dir - straight line, f - kobold brigand
Aim: a kobold brigand, wielding a +0 war axe and quivering poisoned darts (severely wounded, 53% to hit)
You throw a throwing net.
The throwing net hits the kobold brigand.
The kobold brigand is caught in the net!
The kobold brigand is severely wounded.
* * * LOW HITPOINT WARNING * * *
You feel sick.
The kobold brigand struggles against the net.
It was a potion of attraction.
You feel attractive to monsters.
* * * LOW HITPOINT WARNING * * *
You feel sick.
The kobold brigand struggles against the net.
The kobold brigand is attracted toward you.
It was a potion of lignification.
You turn into a tree.
Your scarf of invisibility melds into your body.
Your +1 pair of gloves melds into your body.
Your +0 plate armour melds into your body.
Your roots penetrate the ground.
* * * LOW HITPOINT WARNING * * *
You feel sick.
An orc warrior comes into view.
It is wielding a +0 war axe and carrying a wand of flame (5).
The kobold brigand hits you but does no damage.
The orc warrior is attracted toward you.
You closely miss the kobold brigand.
The kobold brigand is severely wounded.
* * * LOW HITPOINT WARNING * * *
You feel sick.
The kobold brigand hits you but does no damage.
A kobold brigand comes into view.
It is wielding a +0 war axe and quivering poisoned darts.
The kobold brigand is attracted toward you.
The orc warrior is attracted toward you.
You barely miss the kobold brigand.
The kobold brigand is severely wounded.
You die...

##((∩).## ##('(##
#.(.# #...# #...#
####...####
##~.......~##
####~~.......~~#####
....~~.......~oK♣Ko#
.###~~.....§.~~###(#
....~~.......§~....#
.###~~.......~~###)#
....~~...§...~~....#
)###~~.......~~###.#
....~~.......~~....#
.###~~.......~~###)#
....~~.......~~o...#


You could see 2 orc warriors and 2 kobold brigands.

Vanquished Creatures
  A wraith (D:6)
  An ice beast (D:4)
  2 orc warriors (Bailey)
  3 black bears
  A centaur (D:6)
  4 kobold brigands (Bailey)
  A bullfrog (D:6)
  A scorpion (D:5)
  A gnoll sergeant (D:6)
  2 wights (D:7)
  2 howler monkeys (D:7)
  4 hounds
  2 iguanas (D:4)
  2 orc wizards (D:6)
  12 gnolls
  8 adders
  3 white imps
  2 worms
  4 dart slugs
  8 orcs
  4 ball pythons
  9 endoplasms
  A giant cockroach (D:1)
  5 goblins
  6 hobgoblins
  7 jackals
  15 kobolds
  3 quokkas
  4 bats
  2 frilled lizards
120 creatures vanquished.

Vanquished Creatures (others)
  8 plants
  8 withered plants (D:2)
16 creatures vanquished.

Grand Total: 136 creatures vanquished

Notes
Turn   | Place    | Note
-------+----------+-------------------------------------------
     0 | D:1      | Peloso the Minotaur Fighter began the quest for the Orb.
     0 | D:1      | Reached XP level 1. HP: 19/19 MP: 0/0
   191 | D:1      | Reached XP level 2. HP: 22/27 MP: 1/1
   664 | D:2      | Found an ornate altar of the Wu Jian Council.
   732 | D:1      | Reached XP level 3. HP: 32/33 MP: 2/2
  1212 | D:2      | Reached XP level 4. HP: 31/41 MP: 3/3
  1618 | D:2      | Found a faded altar of an unknown god.
  2198 | D:3      | Reached XP level 5. HP: 47/47 MP: 4/4
  2799 | D:4      | Noticed an ice beast
  2811 | D:4      | Killed an ice beast
  2812 | D:4      | Reached skill level 5 in Armour
  2812 | D:4      | Reached skill level 1 in Dodging
  2987 | D:4      | Noticed an ogre
  3000 | D:5      | Entered Level 5 of the Dungeon
  3016 | D:5      | Reached XP level 6. HP: 39/53 MP: 5/5
  3456 | D:5      | Reached skill level 5 in Long Blades
  3686 | D:5      | Reached skill level 5 in Fighting
  4199 | D:4      | Reached XP level 7. HP: 47/61 MP: 6/6
  4436 | D:4      | Found a bloodstained altar of Trog.
  4437 | D:4      | Found a white marble altar of Elyvilon.
  4437 | D:4      | Found a snail-covered altar of Cheibriados.
  4507 | D:4      | Found a sacrificial altar of Ru.
  4848 | D:6      | Noticed a wraith
  4869 | D:6      | Killed a wraith
  5036 | D:6      | Reached skill level 5 in Shields
  5664 | D:6      | Reached XP level 8. HP: 45/70 MP: 7/7
  6501 | D:6      | Found Etobegg's Magic Scroll Shop.
  6504 | D:6      | Bought a scroll of magic mapping for 105 gold pieces
  6504 | D:6      | Bought a scroll of noise for 14 gold pieces
  6504 | D:6      | Bought a scroll of identify for 28 gold pieces
  6695 | D:7      | Found a flagged portal.
  6704 | Bailey   | Entered a bailey
  7479 | Bailey   | HP: 2/73 [poisoned by a kobold brigand]
  7483 | Bailey   | Succumbed to a kobold brigand's poison

Illustrated notes

Levels and vault maps discovered:
D:1:      dpeg_arrival_boxes_within_box, layout_basic, minmay_pentomino_p2
D:2:      layout_rooms, basic_altar, shapermc_ecumenical_altar_flowoftime
D:3:      layout_loops_ring, serial_bayou_pond_c
D:4:      layout_basic, nicolae_overflow_quartered_altars
D:5:      layout_basic
D:6:      nicolae_BIG_FREAKIN_CUBE, layout_basic, serial_shops, shop
D:7:      layout_cave_pools, minmay_temple_entry_fiery, enter_bailey_5,
          gammafunk_ghost_grave, uniq_maggie
Bailey:   bailey_axe_3, bailey

Skill      XL: |  1  2  3  4  5  6  7  8 |
---------------+-------------------------+-----
Fighting       | 4 5 7 |  7.0
Armour         | 4 5 6 7 8 |  8.5
Shields        | 4 5 |  5.8
Long Blades    | 3 4 5 6 8 |  8.2
Dodging        | 1 2 3 |  3.4
Stealth        | |  0.3
Evocations     | |  0.1

Action                   |  1- 3 |  4- 6 |  7- 9 || total
-------------------------+-------+-------+-------++-------
Melee: Long sword        |    68 |   162 |   213 ||   443
       Headbutt          |     7 |    29 |    45 ||    81
Throw: Throwing net      |       |       |     1 ||     1
Evoke: Wand              |       |       |     3 ||     3
  Use: Scroll            |     3 |     1 |     8 ||    12
       Potion            |       |       |     8 ||     8
Armor: Scale mail        |    40 |    60 |    87 ||   187
       Plate armour      |       |       |     9 ||     9
       Skin              |       |       |     2 ||     2
Dodge: Dodged            |    27 |    80 |    99 ||   206
Block: Buckler           |    18 |    37 |    69 ||   124
